 Dungeon Crawl Stone Soup version 0.26-a0-154-g3d63440f56 (webtiles) character file.

Game seed: 7436586500522674167

9535 Gargoyl the Envoy of Void (level 11, -26/91 HPs)
             Began as a Centaur Abyssal Knight on July 1, 2020.
             Was a High Priest of Lugonu.
             Annihilated by Urug
             ... wielding a +1 great mace
              (35 damage)
             ... on level 10 of the Dungeon.
             The game lasted 00:16:08 (12001 turns).

Gargoyl the Envoy of Void (Centaur Abyssal Knight) Turns: 12001, Time: 00:16:08

Health: -26/91     AC: 16    Str: 13    XL:     11   Next: 24%
Magic:  16/16      EV: 10    Int: 11    God:    Lugonu [*****.]
Gold:   522        SH:  0    Dex: 10    Spells: 10/10 levels left

rFire    . . .     SeeInvis .   n - +6 whip of Undoing {chaos, +Blink rN+ MR+ Str-4}
rCold    . . .     Faith    .   (no shield)
rNeg     + + .     Spirit   .   d - +0 ring mail {rN+}
rPois    .         Reflect  .   m - +1 helmet
rElec    .         Harm     .   t - +0 cloak
rCorr    .                      i - +0 pair of gloves
MR       ++...                  (no barding)
Stlth    ..........             v - amulet of regeneration
HPRegen  0.65/turn              J - ring of protection from magic
MPRegen  0.15/turn              A - +4 ring of protection

@: very quick
A: large, hooves 3, deformed body, speed 2, tough skin 3
a: Depart the Abyss, Bend Space, Banish, Corrupt, Enter the Abyss, Renounce
Religion, Evoke Blink


You were on level 10 of the Dungeon.
You worshipped Lugonu.
Lugonu was extremely pleased with you.
You were not hungry.

You visited 1 branch of the dungeon, and saw 10 of its levels.
You visited the Abyss 1 time.

You collected 603 gold pieces.
You spent 81 gold pieces at shops.

Inventory:

Hand Weapons
 a - a +2 hand axe
 j - a +5 hand axe
 n - the +6 whip of Undoing (weapon) {chaos, +Blink rN+ MR+ Str-4}
   (You took it off a big kobold on level 5 of the Dungeon)

   Each time it hits an enemy it has a different, random effect.
   It affects your strength (-4).
   It protects you from negative energy.
   It affects your resistance to hostile enchantments.
   It lets you blink.
Armour
 d - a +0 ring mail of positive energy (worn)
 i - a +0 pair of gloves (worn)
 m - a +1 helmet (worn)
 t - a +0 cloak (worn)
Jewellery
 v - an amulet of regeneration (around neck)
 A - a +4 ring of protection (right hand)
 E - an uncursed amulet of reflection
 J - a ring of protection from magic (left hand)
Wands
 b - a wand of iceblast (7)
 h - a wand of acid (4)
 q - a wand of polymorph (4)
 w - a wand of digging (4)
 D - a wand of paralysis (6)
 I - a wand of enslavement (10)
Scrolls
 f - 7 scrolls of teleportation
 k - 2 scrolls of identify
 u - a scroll of blinking
 y - 4 scrolls of remove curse
 F - 2 scrolls of magic mapping
 G - 3 scrolls of fear
 H - a scroll of fog
Potions
 e - a potion of haste
 g - 3 potions of cancellation
 l - 3 potions of flight
 p - 2 potions of stabbing
 r - 2 potions of invisibility
 x - a potion of lignification
 z - 2 potions of magic
 B - a potion of curing
 C - 2 potions of might
Comestibles
 c - 21 rations
 o - 2 chunks of flesh


   Skills:
 + Level 6.9 Fighting
 + Level 4.9(6.8) Axes
 + Level 7.3(8.0) Maces & Flails
 * Level 6.9 Armour
 * Level 5.8 Dodging
 * Level 7.9 Invocations


You had 10 spell levels left.
You didn't know any spells.
Your spell library contained the following spells:

 Spells                   Type           Power        Failure   Level  Hunger
 Animate Skeleton         Necr           N/A          56%         1    ##.....
 Apportation              Tloc           #.....       56%         1    ##.....
 Corona                   Hex            #......      56%         1    ##.....
 Pain                     Necr           #...         56%         1    ##.....
 Summon Small Mammal      Summ           #...         56%         1    ##.....
 Call Imp                 Summ           #.......     71%         2    ###....
 Ensorcelled Hibernation  Hex/Ice        #.....       71%         2    ###....
 Call Canine Familiar     Summ           #.......     90%         3    ####...
 Confusing Touch          Hex            #.......     90%         3    ####...
 Dazzling Flash           Conj/Hex       #.....       90%         3    ####...
 Summon Guardian Golem    Hex/Summ       #.......     90%         3    ####...
 Tukima's Dance           Hex            #.......     90%         3    ####...
 Vampiric Draining        Necr           #.........   90%         3    ####...
 Animate Dead             Necr           N/A          100%        4    #####..
 Summon Ice Beast         Ice/Summ       #.......     100%        4    #####..
 Summon Lightning Spire   Summ/Air       #.......     100%        4    #####..
 Agony                    Necr           #.......     100%        5    ######.


Dungeon Overview and Level Annotations

Branches:
Dungeon (10/15)            Temple (0/1) D:4            Lair (0/6) D:10
    Orc: D:9-12

Altars:
Ashenzari
Dithmenos
Gozag
Makhleb
Nemelex Xobeh
Okawaru
Ru
Trog
Xom
Zin
The Shining One

Shops:
D:7 *   D:10 :

Annotations:
D:6 1 runed translucent door, PirateVox's ghost, novice GnIE
D:10 Urug


Innate Abilities, Weirdness & Mutations

You have hooves in place of feet.
Armour fits poorly on your strangely shaped body.
You cover ground very quickly.
You have extremely tough skin. (AC +3)


Message History

You whack Urug!
Urug is almost dead.
You miss Urug.
Urug is almost dead.
Urug closely misses you.
You closely miss Urug.
Urug is almost dead.
You closely miss Urug. Your kick misses Urug.
Urug is almost dead.
Urug zaps a wand.
You resist with almost no effort.
You completely miss Urug. You kick Urug.
Urug is almost dead.
You miss Urug.
Urug is almost dead.
Urug hits you with a +1 great mace!!
* * * LOW HITPOINT WARNING * * *
You miss Urug. You kick Urug.
Urug is almost dead.
Urug hits you with a +1 great mace!!
You die...

......... #### .........
.... ......... #...
..?.....# #... ........#
#... ........# #.# #...
.......o####.# ####
.......@+..#.#
........#.##.# ##
........#.##.###### #.
#######.#.##......# #.
#######.#.##......#####.
##.......#.............'.
#..........###......####.
#..........# #......# ##
#..........# #......# #


You could see Urug (strong, agile, very poisoned).

Vanquished Creatures
  Fannar (D:10)
  4 two-headed ogres
  A death yak (D:9)
  2 trolls
  3 yaks (D:9)
  A wyvern (D:9)
  Eustachio (D:6)
  2 hungry ghosts
  The ghost of Delarado the Insei, an amateur OpFi of Cheibriados (D:5)
  A water moccasin (D:8)
  A black bear (D:10)
  3 orc warriors
  A swamp drake (D:9)
  4 ice beasts
  An eye of draining (D:8)
  4 ogres
  2 wolves (D:9)
  2 centaurs
  2 big kobolds (D:5)
  4 bullfrogs
  4 scorpions
  11 killer bees
  An electric eel (D:9)
  3 howler monkeys
  2 crimson imps
  A centaur zombie (D:7)
  4 hounds
  A wyvern simulacrum (D:9)
  A centaur skeleton (D:4)
  2 orc priests
  A bullfrog skeleton (D:5)
  8 orc wizards
  2 iguanas
  10 worker ants
  Natasha (thrice) (D:2)
  A bullfrog simulacrum (D:9)
  2 hound skeletons
  Robin (D:2)
  9 adders
  A shadow imp (D:10)
  A white imp (D:9)
  An ooze (D:2)
  An adder zombie (D:8)
  An adder skeleton (D:4)
  A worm (D:3)
  4 dart slugs
  An adder simulacrum (D:9)
  2 leopard geckos
  25 orcs
  10 bats
  9 giant cockroaches
  11 goblins
  13 hobgoblins
  9 jackals
  4 quokkas
  A ball python (D:5)
  A ball python skeleton (D:4)
  2 frilled lizards
  12 kobolds
  A leopard gecko zombie (D:8)
  2 quokka skeletons
  6 rats
227 creatures vanquished.

Vanquished Creatures (others)
  A scorpion (D:8)
  A kobold (D:5)
2 creatures vanquished.

Grand Total: 229 creatures vanquished

Notes
Turn   | Place    | Note
-------+----------+-------------------------------------------
     0 | Abyss:1  | Gargoyl the Centaur Abyssal Knight began the quest for the
                  | Orb.
     0 | Abyss:1  | Reached XP level 1. HP: 19/19 MP: 2/2
    57 | Abyss:1  | Found a corrupted altar of Lugonu.
    78 | Abyss:1  | Found a corrupted altar of Lugonu.
   113 | Abyss:1  | Noticed a large abomination
   156 | Abyss:1  | Noticed a raiju
   197 | Abyss:1  | Noticed an ancient zyme
   237 | Abyss:1  | Noticed a chaos spawn
   320 | D:1      | Escaped the Abyss
   802 | D:1      | Reached XP level 2. HP: 24/26 MP: 3/3
  1522 | D:1      | Reached skill level 1 in Dodging
  1755 | D:2      | Reached XP level 3. HP: 31/31 MP: 4/4
  1766 | D:2      | Reached * piety under Lugonu
  1869 | D:2      | Noticed Natasha
  1877 | D:2      | Killed Natasha
  1922 | D:2      | Reached XP level 4. HP: 38/38 MP: 5/5
  2002 | D:2      | Noticed Robin
  2014 | D:2      | Killed Robin
  2407 | D:2      | Found a sparkling altar of Nemelex Xobeh.
  2576 | D:2      | Noticed Natasha
  2581 | D:2      | Killed Natasha
  2686 | D:2      | Reached XP level 5. HP: 23/46 MP: 7/7
  2711 | D:2      | Noticed Natasha
  2719 | D:2      | Killed Natasha
  3394 | D:3      | Reached ** piety under Lugonu
  4130 | D:4      | Found a staircase to the Ecumenical Temple.
  4219 | D:4      | Reached XP level 6. HP: 48/52 MP: 8/8
  4378 | D:4      | Found a sacrificial altar of Ru.
  4650 | D:4      | Noticed an orc warrior
  5002 | D:4      | Killed an orc warrior
  5002 | D:4      | Reached XP level 7. HP: 53/59 MP: 9/9
  5613 | D:5      | Entered Level 5 of the Dungeon
  5729 | D:5      | Found a shattered altar of Ashenzari.
  6094 | D:5      | Found a runed translucent gate.
  6095 | D:5      | Found a runed translucent gate.
  6095 | D:5      | Noticed Delarado's ghost (amateur OpFi)
  6096 | D:5      | Found a runed translucent gate.
  6097 | D:5      | Identified the +6 whip of Undoing {chaos, +Blink rN+ MR+
                  | Str-4}
  6687 | D:5      | Killed Delarado's ghost
  6687 | D:5      | Reached *** piety under Lugonu
  6752 | D:6      | Noticed a troll
  6769 | D:5      | Reached XP level 8. HP: 63/66 MP: 11/11
  6784 | D:6      | Killed a troll
  6909 | D:6      | Noticed PirateVox's ghost (novice GnIE)
  6912 | D:6      | Found a runed translucent door.
  6954 | D:6      | Noticed Eustachio
  6971 | D:6      | Killed Eustachio
  6971 | D:6      | Reached skill level 1 in Maces & Flails
  6993 | D:6      | Reached skill level 5 in Invocations
  7208 | D:6      | Found a burning altar of Makhleb.
  7243 | D:6      | Reached skill level 5 in Armour
  7323 | D:6      | Reached XP level 9. HP: 69/73 MP: 12/12
  7454 | D:6      | Found a shimmering altar of Xom.
  7941 | D:7      | Found Hoof's Assorted Antiques.
  7944 | D:7      | Bought a scroll of teleportation for 81 gold pieces
  8157 | D:7      | Reached skill level 5 in Fighting
  8786 | D:8      | Reached **** piety under Lugonu
  8989 | D:8      | Found an opulent altar of Gozag.
  9038 | D:8      | Found a bloodstained altar of Trog.
  9106 | D:8      | Reached skill level 5 in Maces & Flails
  9331 | D:8      | Found a shadowy altar of Dithmenos.
  9354 | D:8      | Found a glowing silver altar of Zin.
  9606 | D:8      | Found a glowing golden altar of the Shining One.
  9689 | D:9      | Noticed a two-headed ogre
  9699 | D:9      | Killed a two-headed ogre
  9699 | D:9      | Reached XP level 10. HP: 12/83 MP: 14/14
 10463 | D:9      | Found an iron altar of Okawaru.
 10464 | D:9      | Noticed a death yak
 10479 | D:9      | Reached skill level 5 in Dodging
 10498 | D:9      | Killed a death yak
 10527 | D:9      | Reached ***** piety under Lugonu
 10759 | D:9      | Noticed a two-headed ogre
 10770 | D:9      | Killed a two-headed ogre
 11302 | D:10     | Entered Level 10 of the Dungeon
 11354 | D:10     | Noticed a two-headed ogre
 11367 | D:10     | Killed a two-headed ogre
 11367 | D:10     | Reached XP level 11. HP: 60/91 MP: 16/16
 11417 | D:10     | Found Wozes's Book Shoppe.
 11437 | D:10     | Noticed a two-headed ogre
 11471 | D:10     | Killed a two-headed ogre
 11527 | D:10     | Noticed Fannar
 11741 | D:10     | Found a staircase to the Lair.
 11818 | D:10     | Killed Fannar
 11975 | D:10     | Noticed Urug
 12001 | D:10     | Annihilated by Urug

Illustrated notes

Levels and vault maps discovered:
D:1:      scummos_arrival_checkerplants, layout_basic, minmay_misc_feat_cross,
          hangedman_decor_slide_cut
D:2:      layout_loops_ring, lemuel_crystal_altar, first_ration, uniq_robin,
          uniq_natasha
D:3:      layout_basic
D:4:      layout_gridville, nicolae_ru_great_annihilating_truth,
          minmay_temple_entry_waves
D:5:      layout_loops_ring, ashenzari_conservatory_becter,
          gammafunk_ghost_nasty_kobolds, hex_medium
D:6:      layout_loops_ring, bloody_makhleb, overflow_temple_1_default,
          hellmonk_ghost_happy_afterlife, uniq_eustachio
D:7:      layout_basic, serial_shops, shop, roderic_st_hans_cross
D:8:      layout_rooms, marbit_many_paths, nicolae_overflow_hidden_temple,
          grunt_temple_overflow_cloverleaf
D:9:      layout_basic, overflow_temple_1_default, serial_ice, serial_ice_m,
          serial_ice_j, serial_ice_c, serial_ice_n, serial_ice_h, serial_ice_b
D:10:     layout_basic, lair_entry_dummy, serial_shops, nicolae_shop_trees,
          uniq_gastronok, uniq_fannar, uniq_urug

Skill      XL: |  1  2  3  4  5  6  7  8  9 10 11 |
---------------+----------------------------------+-----
Axes           | 2 3 4 |  4.9
Dodging        | 1 2 3 4 5 |  5.8
Armour         | 2 3 5 6 |  6.9
Invocations    | 3 4 5 6 7 |  7.9
Fighting       | 4 5 6 |  6.9
Maces & Flails | 2 5 6 7 |  7.3

Action                   |  1- 3 |  4- 6 |  7- 9 | 10-12 || total
-------------------------+-------+-------+-------+-------++-------
Melee: Hand axe          |    59 |   213 |    69 |       ||   341
       Kick              |     9 |    34 |    74 |    53 ||   170
       Whip              |       |       |   329 |   309 ||   638
Invok: Depart the Abyss  |     1 |       |       |       ||     1
  Use: Scroll            |     7 |       |    16 |     2 ||    25
       Potion            |     1 |       |     6 |     2 ||     9
 Stab: Paralysed         |       |     1 |     6 |    15 ||    22
       Petrifying        |       |       |       |     1 ||     1
  Eat: Chunk             |     2 |     8 |    17 |     6 ||    33
       Ration            |       |       |     2 |       ||     2
Armor: Leather armour    |    21 |       |       |       ||    21
       Ring mail         |     1 |   124 |   173 |   104 ||   402
       Skin              |       |       |    16 |       ||    16
Dodge: Dodged            |    27 |   112 |   147 |   138 ||   424

Table legend:
 A = Non-vault XP
 B = Vault XP
 C = Vault XP percentage of total XP
 D = Non-vault monster count
 E = Vault monster count
 F = Vault count percentage of total count
                 A         B        C        D         E       F
            +---------+---------+-------+---------+---------+-------
      Total |    9880 |    3742 |  27.5 |     191 |      37 |  16.2
            +---------+---------+-------+---------+---------+-------
        D:1 |      40 |       0 |   0.0 |      21 |       0 |   0.0
        D:2 |     163 |      65 |  28.5 |      26 |       9 |  25.7
        D:3 |     107 |       0 |   0.0 |      22 |       0 |   0.0
        D:4 |     440 |      71 |  13.9 |      20 |       4 |  16.7
        D:5 |     167 |     373 |  69.1 |       3 |      10 |  76.9
        D:6 |    1230 |     196 |  13.7 |      19 |       1 |   5.0
        D:7 |     746 |       0 |   0.0 |      20 |       0 |   0.0
        D:8 |    1685 |       0 |   0.0 |      26 |       0 |   0.0
        D:9 |    3002 |    2065 |  40.8 |      25 |      12 |  32.4
       D:10 |    2300 |     972 |  29.7 |       9 |       1 |  10.0
            +---------+---------+-------+---------+---------+-------
